 Dungeon Crawl Stone Soup version 0.24-a0-250-g6074511 (webtiles) character file.

Game seed: 11460874352229747252

361 Borgoz the Cutter (level 6, -3/37 HPs)
             Began as a Kobold Gladiator on Apr 14, 2019.
             Killed by nerve-wracking pain
             ... invoked by a shadow imp
             ... summoned by Eustachio
              (12 damage)
             ... on level 4 of the Dungeon.
             The game lasted 00:05:20 (2256 turns).

Borgoz the Cutter (Kobold Gladiator)                Turns: 2256, Time: 00:05:20

Health: -3/37      AC:  8    Str: 14    XL:     6   Next: 98%
Magic:  6/6        EV: 17    Int:  9    God:
Gold:   127        SH:  0    Dex: 16    Spells: 5/5 levels left

rFire    . . .     SeeInvis .   e - +1 dagger (speed)
rCold    . . .     Gourm    .   (shield restricted)
rNeg     . . .     Faith    .   b - +1 leather armour
rPois    .         Spirit   .   c - +0 helmet
rElec    .         Reflect  .   r - +1 cloak
rCorr    .         Harm     .   (no gloves)
MR       .....                  v - +0 pair of boots
Stlth    ++........             (no amulet)
HPRegen  0.12/turn              (no ring)
MPRegen  0.10/turn              (no ring)

@: no status effects
A: small, carnivore
a: no special abilities


You were on level 4 of the Dungeon.
You were completely stuffed.

You visited 1 branch of the dungeon, and saw 4 of its levels.

You collected 127 gold pieces.

Inventory:

Hand Weapons
 a - a +0 rapier
 e - a +1 dagger of speed (weapon)
Armour
 b - a +1 leather armour (worn)
 c - a +0 helmet (worn)
 r - a +1 cloak (worn)
 v - a +0 pair of boots (worn)
Scrolls
 m - a scroll of enchant armour
 o - 2 scrolls of magic mapping {unknown}
 p - 3 scrolls of teleportation {unknown}
 s - a scroll of blinking {unknown}
 u - 2 scrolls of remove curse
 w - a scroll of noise {unknown}
Potions
 h - 2 potions of invisibility
 i - 2 potions of mutation
 j - a potion of brilliance {unknown}
 k - 2 potions of might
 l - a potion of flight
 n - a potion of agility {unknown}
 t - 2 potions of resistance
Comestibles
 f - 6 rations
 g - 7 chunks of flesh


   Skills:
 + Level 3.5 Fighting
 + Level 6.6 Short Blades
 + Level 2.2 Throwing
 + Level 1.6 Armour
 + Level 5.4 Dodging
 + Level 2.0 Stealth


You had 5 spell levels left.
You didn't know any spells.
Your spell library was empty.

Dungeon Overview and Level Annotations

Branches:
Dungeon (4/15)
 Temple: D:4-7

Altars:

Shops:
D:4 (

Annotations:
D:4 Eustachio


Innate Abilities, Weirdness & Mutations

You are small and have problems with some larger weapons.
You are carnivorous and can eat meat at any time.


Message History

Eustachio is heavily wounded.
You barely miss Eustachio.
Eustachio is heavily wounded.
Eustachio hits you but does no damage.
The shadow imp hits you but does no damage.
The shadow imp shouts, "Go and return not, thou feeble two-tin-hat frater!"
The shadow imp barely misses you.
You hit Eustachio but do no damage.
Eustachio is heavily wounded.
You barely miss Eustachio.
Eustachio is heavily wounded.
The shadow imp hits you.
* * * LOW HITPOINT WARNING * * *
Eustachio mumbles some strange words.
Eustachio blinks!
The shadow imp hits you.
* * * LOW HITPOINT WARNING * * *
The shadow imp closely misses you. The shadow imp gestures at you.
Pain shoots through your body!
You die...

........#
##...##.###
........+
.........
........#
#......@
.<.....#
#......#
#.....##
#...#..#
##...##
#.⌠§)..# ##'##
#..∩5.# #.#
#.⌠.5.# #.#
#..##@####
###.####
#..........#
.......#
##.#########
.......# #.#
.#...#.# #.#
.##.##.######.#
####........#
##########


You could see Eustachio and 2 shadow imps.

Vanquished Creatures
  2 ogres
  2 orc priests (D:3)
  6 adders
  An ooze (D:3)
  2 leopard geckos (D:2)
  4 orcs (D:3)
  A bat skeleton (D:2)
  A bat zombie (D:2)
  3 giant cockroaches (D:1)
  9 goblins
  7 hobgoblins
  2 jackals (D:2)
  3 quokkas
  A ball python (D:2)
  9 bats
  2 frilled lizards (D:2)
  6 kobolds
  9 rats
70 creatures vanquished.

Notes
Turn   | Place    | Note
-------+----------+-------------------------------------------
     0 | D:1      | Borgoz the Kobold Gladiator began the quest for the Orb.
     0 | D:1      | Reached XP level 1. HP: 12/12 MP: 1/1
    64 | D:1      | Reached XP level 2. HP: 16/17 MP: 2/2
   447 | D:2      | Reached XP level 3. HP: 21/22 MP: 3/3
   880 | D:2      | Reached XP level 4. HP: 27/27 MP: 4/4
   892 | D:2      | Reached skill level 5 in Short Blades
  1201 | D:3      | Reached skill level 1 in Armour
  1327 | D:3      | Noticed an ogre
  1345 | D:3      | Killed an ogre
  1345 | D:3      | Reached XP level 5. HP: 12/32 MP: 5/5
  1698 | D:3      | Reached skill level 5 in Dodging
  1698 | D:3      | Reached XP level 6. HP: 27/37 MP: 6/6
  1712 | D:3      | Reached skill level 6 in Short Blades
  1977 | D:3      | Reached skill level 1 in Stealth
  2215 | D:4      | Found Hoorenwo's Antique Weapon Shop.
  2220 | D:4      | Noticed Eustachio
  2220 | D:4      | Noticed an ogre
  2250 | D:4      | Killed an ogre
  2256 | D:4      | Killed from afar by a shadow imp

Levels and vault maps discovered:
D:1:      lightli_arrival_maybe_door_vault, layout_rooms
D:2:      layout_loops_ring, serial_undead, serial_undead_b, serial_undead_b,
          serial_undead_c, serial_undead_c, first_ration
D:3:      layout_loops_cross, due_unseen_surprise
D:4:      layout_loops_corners, ebering_ghost_reflecting_pool, serial_shops,
          shop_fountains, minmay_misc_feat_hallway, uniq_eustachio

Skill      XL: |  1  2  3  4  5  6 |
---------------+-------------------+-----
Dodging        | 4 5 |  5.4
Short Blades   | 5 6 |  6.6
Armour         | 1 |  1.6
Fighting       | 3 |  3.5
Stealth        | 2 |  2.0
Throwing       | |  2.2

Action                   |  1- 3 |  4- 6 || total
-------------------------+-------+-------++-------
Melee: Dagger            |   144 |   194 ||   338
       Rapier            |     3 |       ||     3
Throw: Throwing net      |       |     3 ||     3
  Use: Scroll            |     3 |     5 ||     8
       Potion            |       |     4 ||     4
 Stab: Sleeping          |     2 |     1 ||     3
       Distracted        |       |     1 ||     1
       Held in net/web   |       |     1 ||     1
  Eat: Chunk             |     8 |     5 ||    13
Armor: Leather armour    |    28 |    23 ||    51
Dodge: Dodged            |    90 |   104 ||   194

Table legend:
 A = Non-vault XP
 B = Vault XP
 C = Vault XP percentage of total XP
 D = Non-vault monster count
 E = Vault monster count
 F = Vault count percentage of total count
                 A         B        C        D         E       F
            +---------+---------+-------+---------+---------+-------
      Total |     512 |       4 |   0.8 |      68 |       2 |   2.9
            +---------+---------+-------+---------+---------+-------
        D:1 |      25 |       0 |   0.0 |      16 |       0 |   0.0
        D:2 |      52 |       4 |   7.1 |      25 |       2 |   7.4
        D:3 |     297 |       0 |   0.0 |      25 |       0 |   0.0
        D:4 |     138 |       0 |   0.0 |       2 |       0 |   0.0
            +---------+---------+-------+---------+---------+-------
